[Event "Titled Tuesday Blitz May 24 Late 2022"]
[White "Kruckenhauser, Arthur"]
[Black "Dreev, Aleksey"]
[WhiteFideId "1642812"]
[BlackFideId "4100107"]
[WhiteElo "2243"]
[BlackElo "2625"]
[Result "1-0"]
[Round "06"]
[TimeControl "180+1"]
[Date "2022.05.24"]
[WhiteClock "0:00:03"]
[BlackClock "0:00:05"]

1. e4 c5 2. Nf3 e6 3. d4 cxd4 4. Nxd4 Nf6 5. Nc3 Nc6 6. Nxc6 bxc6 7. e5 Nd5 8. Ne4 Qc7 9. f4 Qb6 10. a3 a5 11. c4 Ne3 12. Qd3 Nxf1 13. Rxf1 Ba6 14. b3 Rb8 15. Rb1 Be7 16. g4 O-O 17. g5 Rfd8 18. Ke2 c5 19. Rg1 Qc6 20. Nf6+ Bxf6 21. gxf6 g6 22. Bd2 d5 23. Qh3 dxc4 24. Qh6 c3+ 25. Kf2 Rxd2+ 26. Kg3 Rd3+ 27. Kh4 Rh3+ 28. Kxh3 Qf3+ 29. Rg3 Bf1+ 30. Kh4 Qxf4+ 31. Qxf4 1-0


[Site "https://www.chess.com"]

[Event "Titled Tuesday Blitz May 24 Late 2022"]
[White "Larino Nieto, David"]
[Black "Hamitevici, Vladimir"]
[WhiteFideId "2256444"]
[BlackFideId "13902393"]
[WhiteElo "2532"]
[BlackElo "2359"]
[Result "1-0"]
[Round "06"]
[TimeControl "180+1"]
[Date "2022.05.24"]
[WhiteClock "0:00:17"]
[BlackClock "0:00:01"]

1. e4 d6 2. Nc3 Nf6 3. g3 g6 4. Bg2 Bg7 5. d3 O-O 6. h4 h5 7. Nh3 c6 8. f3 d5 9. Nf2 Qc7 10. Bf4 e5 11. Bg5 Be6 12. Qd2 Nbd7 13. f4 dxe4 14. dxe4 Rfe8 15. f5 gxf5 16. exf5 Bxf5 17. Nfe4 Nxe4 18. Nxe4 Bxe4 19. Bxe4 Nc5 20. Bf5 e4 21. Bf4 Qb6 22. Qe2 Ne6 23. c3 Nxf4 24. gxf4 Rad8 25. Kf1 e3 26. Qxh5 e2+ 27. Kg2 Qe3 28. Rhe1 Qxf4 29. Qg4 Qd2 30. h5 Kf8 31. Qb4+ Kg8 32. Qg4 b6 33. h6 Qxh6 34. Rh1 Qd2 35. Rae1 Qd5+ 36. Kg1 Kf8 37. Rh7 Qe5 38. Rxe2 Rd1+ 39. Kf2 Qc5+ 40. Kg3 Rg1+ 41. Rg2 Qe3+ 42. Kh2 1-0


[Site "https://www.chess.com"]

[Event "Titled Tuesday Blitz May 24 Late 2022"]
[White "Lehtosaari, Mauri"]
[Black "Sarkar, Justin"]
[WhiteFideId "501999"]
[BlackFideId "2010011"]
[WhiteElo "2478"]
[BlackElo "2020"]
[Result "1/2-1/2"]
[Round "06"]
[TimeControl "180+1"]
[Date "2022.05.25"]
[WhiteClock "0:00:11"]
[BlackClock "0:00:06"]

1. d4 Nf6 2. Nf3 d5 3. Bg5 e6 4. Nbd2 c5 5. e3 Be7 6. c3 Nbd7 7. Bd3 O-O 8. O-O c4 9. Bc2 b5 10. Ne5 Nxe5 11. dxe5 Nd7 12. Bxe7 Qxe7 13. f4 Bb7 14. Nf3 f6 15. exf6 Rxf6 16. Qd4 a5 17. Rae1 Re8 18. Qa7 Nc5 19. Qb6 Nd3 20. Bxd3 cxd3 21. Ne5 b4 22. Qxa5 bxc3 23. Qxc3 Ba6 24. Rd1 Rc8 25. Qd4 Rc2 26. Nxd3 Bxd3 27. Qxd3 Rxb2 28. Rd2 Rxd2 29. Qxd2 Qa3 30. Rd1 h6 31. g3 Rf7 32. Kf2 Rb7 33. Qe2 Rb2 34. Rd2 Rxd2 35. Qxd2 Kf7 36. Ke2 Qa6+ 37. Kf2 Qc4 38. Qe2 Qc3 39. Kf3 Qa3 40. Kf2 Kf6 41. h3 e5 42. g4 exf4 43. exf4 d4 44. Qe5+ Kf7 45. Qxd4 Qxa2+ 46. Kf3 Qb3+ 47. Qe3 Qc4 48. Kg3 Qf1 49. Qf3 Qg1+ 50. Qg2 Qe3+ 51. Kh2 Qxf4+ 52. Kg1 Qe3+ 53. Kf1 Qf4+ 54. Ke2 g5 55. Qf3 Qxf3+ 56. Kxf3 Kf6 57. Ke3 Ke5 58. Kf3 Kd4 59. Kg3 Ke3 60. h4 Ke4 61. hxg5 hxg5 62. Kf2 Kf4 63. Kf1 Kxg4 64. Kg2 Kf4 65. Kf2 g4 66. Kg2 g3 67. Kg1 Kf3 68. Kf1 g2+ 69. Kg1 Kg3 1/2-1/2


[Site "https://www.chess.com"]

[Event "Titled Tuesday Blitz May 24 Late 2022"]
[White "Lopez Idarraga, Daniel Eduardo"]
[Black "Przybylski, Wojciech"]
[WhiteFideId "4405501"]
[BlackFideId "1117599"]
[WhiteElo "2059"]
[BlackElo "2133"]
[Result "0-1"]
[Round "06"]
[TimeControl "180+1"]
[Date "2022.05.25"]
[WhiteClock "0:01:37"]
[BlackClock "0:01:08"]

1. d4 Nf6 2. Nf3 c5 3. e3 d6 4. dxc5 Qa5+ 5. Nc3 Qxc5 6. Bd3 a6 7. O-O e6 8. e4 Be7 9. Be3 Qc7 10. h3 O-O 11. Re1 b5 12. a3 Bb7 13. Nd4 Nbd7 14. Qf3 Ne5 15. Qg3 Nh5 16. Qh2 Nxd3 17. cxd3 Rac8 18. Rac1 Qd7 19. Nce2 g6 20. Rxc8 Rxc8 21. Rc1 e5 22. Nf3 Rxc1+ 23. Bxc1 Qc7 24. g4 Ng7 25. Qg2 Qc2 26. Qf1 Qxd3 27. Nd2 Bxe4 28. Nxe4 Qxe4 29. Nc3 Qf3 30. Qg2 Qxg2+ 31. Kxg2 Ne6 32. Kf3 f5 33. Nd5 Bd8 34. Nb4 Nd4+ 35. Ke3 a5 36. Nd5 Kf7 37. Bd2 Ke6 38. Nc3 Bb6 39. Kd3 e4+ 40. Ke3 d5 41. Kf4 Nf3 42. Bc1 Bc7+ 43. Ke3 d4+ 0-1


[Site "https://www.chess.com"]

[Event "Titled Tuesday Blitz May 24 Late 2022"]
[White "Maghsoodloo, Parham"]
[Black "Sargsyan, Anna M."]
[WhiteFideId "12539929"]
[BlackFideId "13308130"]
[WhiteElo "2630"]
[BlackElo "2271"]
[Result "1-0"]
[Round "06"]
[TimeControl "180+1"]
[Date "2022.05.24"]
[WhiteClock "0:02:32"]
[BlackClock "0:00:02"]

1. e4 e5 2. Nf3 Nc6 3. Bb5 a6 4. Ba4 Nf6 5. d3 b5 6. Bb3 Bc5 7. a4 Rb8 8. Nc3 d6 9. Bg5 Be6 10. axb5 axb5 11. Nd5 Bxd5 12. Bxd5 Ne7 13. Bb3 Ng6 14. c3 h6 15. Bc1 O-O 16. O-O Bb6 17. Be3 d5 18. exd5 Nxd5 19. Bxb6 Rxb6 20. g3 Rd6 21. Re1 Qf6 22. Nd2 Rd7 23. Ne4 Qc6 24. h4 f5 25. h5 Ne7 26. Nd2 Qf6 27. Nf3 Nc6 28. Ra6 Re8 29. d4 Kh7 30. dxe5 Qe6 31. Nd4 Nxd4 32. Rxe6 Nxe6 33. Bxd5 c6 34. Bxe6 Rxd1 35. Bxf5+ 1-0


[Site "https://www.chess.com"]

[Event "Titled Tuesday Blitz May 24 Late 2022"]
[White "Malka, Samuel"]
[Black "Sailer, Mike"]
[WhiteFideId "20643675"]
[BlackFideId "2012901"]
[WhiteElo "2476"]
[BlackElo "2109"]
[Result "1-0"]
[Round "06"]
[TimeControl "180+1"]
[Date "2022.05.25"]
[WhiteClock "0:01:38"]
[BlackClock "0:01:22"]

1. Nf3 d5 2. c4 c6 3. g3 Nf6 4. Bg2 Bf5 5. Qb3 Qb6 6. d3 e6 7. Be3 Qxb3 8. axb3 Bb4+ 9. Nc3 Na6 10. Nd4 Bg6 11. Nxc6 bxc6 12. Rxa6 c5 13. O-O Bxc3 14. bxc3 O-O 15. Bxc5 Rfc8 16. Bxa7 dxc4 17. Bxa8 Rxa8 18. bxc4 1-0


[Site "https://www.chess.com"]

[Event "Titled Tuesday Blitz May 24 Late 2022"]
[White "Maltsevskaya, Aleksandra"]
[Black "Wachinger, Guenther"]
[WhiteFideId "24174041"]
[BlackFideId "4604261"]
[WhiteElo "2235"]
[BlackElo "2212"]
[Result "1-0"]
[Round "06"]
[TimeControl "180+1"]
[Date "2022.05.25"]
[WhiteClock "0:00:18"]
[BlackClock "0:00:02"]

1. e4 c5 2. Nf3 d6 3. d4 cxd4 4. Nxd4 Nf6 5. Nc3 g6 6. Be3 Bg7 7. Bc4 O-O 8. f3 Nc6 9. O-O Bd7 10. Bb3 Rc8 11. Qe2 a6 12. Rad1 Ne5 13. a4 Qa5 14. Qf2 Nc4 15. Bxc4 Rxc4 16. Nb3 Qc7 17. h3 Bxa4 18. Bb6 Qc8 19. Na5 Rb4 20. Nxa4 Rxa4 21. c3 Nd7 22. b3 Ra3 23. Rc1 Nxb6 24. Qxb6 Qc5+ 25. Qxc5 dxc5 26. Nxb7 Rxb3 27. Nxc5 Rxc3 28. Rxc3 Bxc3 29. Nxa6 Ra8 30. Nc7 Ra2 31. Nd5 Bd4+ 32. Kh1 e6 33. Ne7+ Kf8 34. Nc6 Be3 35. Re1 Bf2 36. Rd1 Bg3 37. Nb4 Ra4 38. Nc2 h5 39. Ne3 Bf4 40. Nc2 Rc4 41. Nd4 Kg7 42. Ne2 Be5 43. Kg1 Rc2 44. Kf2 h4 45. Ke3 Bb8 46. f4 Ra2 47. Kf3 Ba7 48. Rd3 Ra4 49. g3 hxg3 50. Nxg3 Rd4 51. Rb3 Rc4 52. h4 Bc5 53. h5 gxh5 54. Nxh5+ Kg6 55. Ng3 Be7 56. Rb5 Rc5 57. Rb7 Bd6 58. f5+ exf5 59. Nxf5 Be5 60. Ne7+ Kf6 61. Nd5+ Ke6 62. Rb6+ Kd7 63. Rh6 f6 64. Kg4 Ke6 65. Rh7 Rc8 66. Rb7 Kd6 67. Rb6+ Kc5 68. Kf5 Rd8 69. Rb7 Kd4 70. Rb1 Kd3 71. Rd1+ Ke2 72. Nc3+ Ke3 73. Rxd8 1-0


[Site "https://www.chess.com"]

[Event "Titled Tuesday Blitz May 24 Late 2022"]
[White "Mangialardo, Tiago Carvalho"]
[Black "Seletsky, Grigory"]
[WhiteFideId "2130718"]
[BlackFideId "14112191"]
[WhiteElo "2159"]
[BlackElo "2492"]
[Result "0-1"]
[Round "06"]
[TimeControl "180+1"]
[Date "2022.05.25"]
[WhiteClock "0:00:02"]
[BlackClock "0:00:48"]

1. e4 c5 2. Nf3 d6 3. d4 cxd4 4. Nxd4 Nf6 5. Nc3 a6 6. Be3 e5 7. Nf3 Be7 8. Be2 h6 9. O-O Be6 10. Qd2 Nbd7 11. a3 Rc8 12. Rfe1 O-O 13. Rad1 Qc7 14. Bf1 b5 15. Nd5 Nxd5 16. exd5 Bf5 17. c3 Bh7 18. h3 f5 19. Qe2 Bf6 20. Nh2 Nb6 21. Bc1 Kh8 22. Qh5 Qf7 23. Qxf7 Rxf7 24. Bd3 e4 25. Bb1 Be5 26. Nf1 Nc4 27. Ne3 g5 28. Nc2 a5 29. Nd4 Bxd4 30. Rxd4 a4 31. f3 Re8 32. fxe4 fxe4 33. Bxe4 Rfe7 34. Bxh7 Rxe1+ 35. Kh2 Kxh7 0-1


[Site "https://www.chess.com"]

[Event "Titled Tuesday Blitz May 24 Late 2022"]
[White "Matinian, Nikita"]
[Black "Ibarra Jerez, Jose Carlos"]
[WhiteFideId "24129100"]
[BlackFideId "2226332"]
[WhiteElo "2422"]
[BlackElo "2626"]
[Result "1/2-1/2"]
[Round "06"]
[TimeControl "180+1"]
[Date "2022.05.24"]
[WhiteClock "0:00:04"]
[BlackClock "0:00:03"]

1. e4 c5 2. Nf3 e6 3. d4 cxd4 4. Nxd4 Bc5 5. Nb3 Bb6 6. Qg4 Nf6 7. Qxg7 Bxf2+ 8. Kxf2 Rg8 9. Qxg8+ Nxg8 10. Nc3 Nf6 11. Be2 Nc6 12. Rf1 Ne5 13. Kg1 Nfg4 14. h3 Qb6+ 15. Kh1 Ne3 16. Na4 Qb4 17. Bxe3 Qxa4 18. Bd4 Ng6 19. Bh5 b6 20. Rf6 Ba6 21. e5 Bc4 22. Bc3 Bd5 23. Nd4 O-O-O 24. Re1 Rg8 25. Kh2 Bxg2 26. Bxg6 Bd5 27. Be4 Bxe4 28. Rxe4 Qxa2 29. Rg4 Rxg4 30. hxg4 Qd5 31. Nf3 Qe4 32. Kg3 Qxc2 33. Rxf7 a5 34. Nd4 Qd3+ 35. Kh4 a4 36. Rf8+ Kb7 37. Rd8 Kc7 38. Nxe6+ Kb7 39. Nd4 a3 40. e6 dxe6 41. Nxe6 Qg6 42. Nf4 Qh6+ 43. Nh5 a2 44. b4 Qc1 45. Bh8 Qh1+ 46. Kg5 Qc1+ 47. Kh4 a1=Q 48. Bxa1 Qxa1 49. Rd7+ Kc6 50. Rxh7 Qe1+ 51. Kg5 Qxb4 52. Nf6 Qd2+ 53. Kg6 b5 54. g5 b4 55. Rh6 b3 56. Ne4 Qc2 57. Kf5+ Kd5 58. Rd6+ Kc4 59. Rc6+ Kd4 60. Rxc2 bxc2 61. Ng3 Ke3 62. g6 c1=Q 63. Nh5 Qc5+ 64. Kg4 Ke4 65. g7 Qf5+ 66. Kh4 Qg6 67. g8=Q Qxg8 68. Nf6+ Kf5 69. Nxg8 1/2-1/2


[Site "https://www.chess.com"]

[Event "Titled Tuesday Blitz May 24 Late 2022"]
[White "Melikhov, Evgeny V."]
[Black "Vujic, Mihailo"]
[WhiteFideId "4122046"]
[BlackFideId "918873"]
[WhiteElo "1931"]
[BlackElo "2256"]
[Result "0-1"]
[Round "06"]
[TimeControl "180+1"]
[Date "2022.05.25"]
[WhiteClock "0:00:08"]
[BlackClock "0:00:13"]

1. d4 d5 2. c4 e5 3. dxe5 d4 4. Nf3 Nc6 5. g3 Nge7 6. Bg2 Ng6 7. Bg5 Qd7 8. O-O h6 9. Bc1 Ngxe5 10. Nbd2 Be7 11. Nxe5 Nxe5 12. Nf3 Nxf3+ 13. Bxf3 O-O 14. e3 Bf6 15. exd4 Qxd4 16. Qxd4 Bxd4 17. Rd1 Bf6 18. Bf4 c6 19. Rd2 Bf5 20. Rad1 Rad8 21. Rxd8 Rxd8 22. Rxd8+ Bxd8 23. b4 Be6 24. Be2 Be7 25. a3 g5 26. Bc7 f5 27. c5 Kf7 28. a4 Bd5 29. Bb8 a5 30. bxa5 Bxc5 31. a6 bxa6 32. Bxa6 Bb6 33. Bb7 Ke7 34. Be5 Kd7 35. Bc3 Ba7 36. a5 Kd6 37. Bc8 Be6 38. Bxe6 Kxe6 39. Bd2 Kd5 40. h4 gxh4 41. gxh4 h5 42. Kg2 Ke4 43. f3+ Kd3 44. Be1 Ke2 45. Bg3 c5 46. Be5 c4 47. Kg3 Be3 48. a6 Kd3 49. a7 Bxa7 50. Kf4 Bd4 51. Bd6 c3 52. Kxf5 c2 53. Ba3 Be3 54. f4 Kc3 55. Ke4 Kb3 56. Kxe3 Kxa3 57. f5 c1=Q+ 0-1


[Site "https://www.chess.com"]

[Event "Titled Tuesday Blitz May 24 Late 2022"]
[White "Meunier-Pion, Jean"]
[Black "Yurovskykh, Oleksandr"]
[WhiteFideId "20685327"]
[BlackFideId "14134020"]
[WhiteElo "2124"]
[BlackElo "2292"]
[Result "0-1"]
[Round "06"]
[TimeControl "180+1"]
[Date "2022.05.25"]
[WhiteClock "0:00:20"]
[BlackClock "0:00:46"]

1. e4 d5 2. exd5 Qxd5 3. Nc3 Qd8 4. d4 Nf6 5. Nf3 Bg4 6. h3 Bxf3 7. Qxf3 c6 8. Be3 e6 9. Bc4 Nbd7 10. g4 Bb4 11. Bd2 Nb6 12. Bb3 Nfd5 13. O-O-O Nxc3 14. Bxc3 Bxc3 15. Qxc3 Nd5 16. Qc5 Qb6 17. Qd6 Qc7 18. Qxc7 Nxc7 19. f4 O-O-O 20. Rhf1 Nd5 21. Rde1 h5 22. g5 g6 23. a3 Ne7 24. c3 Rd6 25. Re2 Rhd8 26. Rfe1 Kc7 27. Ba2 Kb6 28. Kc2 c5 29. dxc5+ Kxc5 30. b4+ Kc6 31. Bc4 Nd5 32. Rf2 Nb6 33. Bf1 Kc7 34. Kb3 Rd2 35. Rxd2 Rxd2 36. c4 Rd4 37. Re5 Rxf4 38. Rc5+ Kb8 39. Bg2 Rf2 40. Be4 Re2 41. Bd3 Re3 42. Kc3 Na4+ 43. Kd4 Rxd3+ 44. Kxd3 Nxc5+ 45. bxc5 Kc7 46. Kd4 Kd7 47. Ke5 Ke7 48. h4 a6 49. Kd4 f6 50. gxf6+ Kxf6 51. c6 bxc6 52. Kc5 e5 53. Kxc6 e4 54. Kb6 e3 55. c5 e2 56. c6 e1=Q 57. c7 Qc3 58. Kb7 g5 59. hxg5+ Kxg5 60. c8=Q Qxc8+ 61. Kxc8 h4 62. Kb7 h3 63. Kxa6 h2 64. a4 h1=Q 65. a5 Qa8+ 66. Kb6 Kf6 67. Kb5 Ke6 68. Kb6 Kd7 69. Kb5 Kc7 70. a6 Qa7 71. Ka5 Kc6 72. Kb4 Qxa6 73. Kb3 Qb5+ 74. Kc2 Qd5 75. Kc1 Kc5 76. Kb1 Qg2 77. Ka1 Kc4 78. Kb1 Kb3 79. Ka1 Qf2 80. Kb1 Qe2 81. Kc1 Qe1# 0-1


[Site "https://www.chess.com"]

[Event "Titled Tuesday Blitz May 24 Late 2022"]
[White "Mickiewicz, Piotr"]
[Black "Melkumyan, Hrant"]
[WhiteFideId "1114891"]
[BlackFideId "13302485"]
[WhiteElo "2223"]
[BlackElo "2604"]
[Result "0-1"]
[Round "06"]
[TimeControl "180+1"]
[Date "2022.05.24"]
[WhiteClock "0:00:19"]
[BlackClock "0:02:15"]

1. e4 c6 2. d4 d5 3. Nc3 dxe4 4. Nxe4 Nf6 5. Nxf6+ exf6 6. c3 Bd6 7. Bd3 O-O 8. Ne2 Re8 9. Qc2 h5 10. h3 Nd7 11. Be3 Nb6 12. c4 Bb4+ 13. Kf1 h4 14. a3 Bf8 15. b4 a5 16. Rb1 axb4 17. axb4 Ra3 18. Nc3 Be6 19. Ne2 Rxd3 20. Qxd3 Bxc4 21. Qc2 Bb5 22. Kg1 Nd5 23. Nc3 Nxe3 24. fxe3 Rxe3 25. Nxb5 cxb5 26. Qd2 Re4 27. Rd1 Bd6 28. Re1 Bf4 0-1


[Site "https://www.chess.com"]

[Event "Titled Tuesday Blitz May 24 Late 2022"]
[White "Milchev, Nikolay"]
[Black "Jorquera, Marcelo"]
[WhiteFideId "2906090"]
[BlackFideId "3401197"]
[WhiteElo "2449"]
[BlackElo "2136"]
[Result "1-0"]
[Round "06"]
[TimeControl "180+1"]
[Date "2022.05.25"]
[WhiteClock "0:00:39"]
[BlackClock "0:00:09"]

1. Nf3 Nf6 2. c4 g6 3. Nc3 Bg7 4. e4 d6 5. d4 O-O 6. h3 e5 7. dxe5 dxe5 8. Be3 Qe7 9. Be2 c6 10. O-O Nbd7 11. a3 Nc5 12. Qc2 Nh5 13. b4 Ne6 14. Rfd1 Nhf4 15. c5 Bd7 16. Rd6 Rad8 17. Rad1 Bc8 18. Bc4 h6 19. Bxe6 Bxe6 20. Bxf4 exf4 21. e5 Bf5 22. Qd2 Rxd6 23. cxd6 Qe6 24. Qxf4 Qb3 25. Qe3 Qxa3 26. Nd4 Bd7 27. Rb1 Qa6 28. f4 Qc4 29. Ne4 Re8 30. Nc5 Bf5 31. Nxf5 gxf5 32. d7 Rd8 33. Rd1 Qb5 34. e6 fxe6 35. Nxe6 1-0


[Site "https://www.chess.com"]

[Event "Titled Tuesday Blitz May 24 Late 2022"]
[White "Nakamura, Hikaru"]
[Black "Dubov, Daniil"]
[WhiteFideId "2016192"]
[BlackFideId "24126055"]
[WhiteElo "2850"]
[BlackElo "2791"]
[Result "1/2-1/2"]
[Round "06"]
[TimeControl "180+1"]
[Date "2022.05.24"]
[WhiteClock "0:00:18"]
[BlackClock "0:00:06"]

1. Nf3 Nf6 2. b3 g6 3. Bb2 Bg7 4. d4 O-O 5. e3 d5 6. c4 c6 7. Bd3 Bg4 8. Nbd2 e6 9. h3 Bxf3 10. Nxf3 Nbd7 11. Qc2 Re8 12. O-O a6 13. Rfd1 Qe7 14. Rac1 Rac8 15. Qb1 Qd8 16. Nd2 Qe7 17. Bf1 e5 18. cxd5 Nxd5 19. e4 Nf4 20. g3 Ne6 21. dxe5 Bxe5 22. Bxe5 Nxe5 23. f4 Nd7 24. Nc4 Red8 25. e5 Rc7 26. Qc2 Ndf8 27. Rd6 Rcd7 28. Rcd1 b5 29. Rxd7 Rxd7 30. Nd6 c5 31. a4 Nd4 32. Qxc5 Nfe6 33. Qc8+ Rd8 34. Qc3 Qa7 35. Kh2 bxa4 36. bxa4 Nf5 37. Bg2 h5 38. h4 Ne3 39. Rb1 Ng4+ 40. Kh1 Nf2+ 41. Kh2 Ng4+ 42. Kh1 Nf2+ 43. Kh2 Ng4+ 1/2-1/2


[Site "https://www.chess.com"]

[Event "Titled Tuesday Blitz May 24 Late 2022"]
[White "Papp, Levente"]
[Black "Rustemov, Alexander"]
[WhiteFideId "751243"]
[BlackFideId "4119002"]
[WhiteElo "2308"]
[BlackElo "2849"]
[Result "1-0"]
[Round "06"]
[TimeControl "180+1"]
[Date "2022.05.24"]
[WhiteClock "0:00:18"]
[BlackClock "0:00:10"]

1. c4 c5 2. Nc3 g6 3. e3 Nf6 4. d4 cxd4 5. exd4 Bg7 6. Nf3 O-O 7. Bd3 d5 8. O-O Nc6 9. h3 b6 10. cxd5 Nxd5 11. Be4 e6 12. Nxd5 exd5 13. Bc2 Qd6 14. Be3 Nb4 15. Bd3 Nxd3 16. Qxd3 Bf5 17. Qd2 Rfe8 18. Bf4 Qf8 19. Rac1 Rac8 20. Be5 f6 21. Bf4 g5 22. Bg3 h6 23. Rxc8 Rxc8 24. Rc1 Rxc1+ 25. Qxc1 Qc8 26. Qxc8+ Bxc8 27. Nd2 Bf8 28. a3 Kf7 29. f3 Ke6 30. Bb8 a6 31. Bc7 b5 32. b4 f5 33. Be5 a5 34. bxa5 Bxa3 35. Nb3 f4 36. Bg7 h5 37. Kf2 Kf5 38. Ke2 g4 39. hxg4+ hxg4 40. Nc5 g3 41. Bf8 Bb4 42. a6 Bxc5 43. Bxc5 Bxa6 44. Bb4 Bc8 45. Kf1 Kg5 46. Kg1 Bf5 47. Kf1 Bd3+ 48. Kg1 Be2 49. Kh1 Kf5 50. Kg1 Ke6 51. Kh1 Kd7 52. Kg1 Kc6 53. Kh1 Kd7 54. Kg1 Ke6 55. Kh1 Kf5 56. Kg1 Bd3 57. Kh1 Be4 58. Kg1 Bc2 59. Kh1 Bb3 60. Kg1 Bc4 61. Kh1 Kg5 62. Kg1 Kh4 63. Be7+ Kh5 64. Bb4 Be2 65. Kh1 Kh4 66. Be7+ Kh5 67. Bb4 Kg5 68. Kg1 Kh4 69. Kh1 Bxf3 70. gxf3 Kh3 71. Kg1 g2 72. Be1 b4 73. Bxb4 Kg3 74. Be1+ Kxf3 75. Bf2 Ke4 76. Kxg2 Kf5 77. Kf3 Kg5 78. Bg1 Kf5 79. Bh2 Ke6 80. Bxf4 Kf5 81. Be5 Kg5 82. Ke3 Kf5 83. Kd3 Ke6 84. Kc3 Kd7 85. Kb4 Kc6 86. Ka5 Kd7 87. Kb5 Ke6 88. Kc5 1-0


[Site "https://www.chess.com"]

[Event "Titled Tuesday Blitz May 24 Late 2022"]
[White "Paravyan, David"]
[Black "Antipov, Mikhail Al."]
[WhiteFideId "4194985"]
[BlackFideId "4107012"]
[WhiteElo "2569"]
[BlackElo "2512"]
[Result "0-1"]
[Round "06"]
[TimeControl "180+1"]
[Date "2022.05.24"]
[WhiteClock "0:00:02"]
[BlackClock "0:00:03"]

1. e4 e5 2. Nf3 Nc6 3. Nc3 Nf6 4. d4 exd4 5. Nxd4 Bb4 6. Nxc6 bxc6 7. Bd3 d5 8. exd5 cxd5 9. O-O O-O 10. Bg5 c6 11. Qf3 h6 12. Bxf6 Qxf6 13. Qxf6 gxf6 14. Ne2 Rb8 15. b3 Re8 16. Rfd1 Bd7 17. Kf1 Re5 18. c3 Ba3 19. Rab1 a5 20. Nd4 Bf8 21. f4 Re7 22. b4 axb4 23. cxb4 Ra8 24. Rd2 Ra3 25. Rb3 Rxb3 26. Nxb3 Re8 27. Nc5 Bxc5 28. bxc5 Ra8 29. Ke2 Ra3 30. Rb2 Kf8 31. Kd2 Ra5 32. Rc2 Ra3 33. Rb2 Ra5 34. Rc2 Ke7 35. g3 Bg4 36. Kc1 Ra3 37. Be2 Bf5 38. Kb2 Ra5 39. Rc3 Be4 40. a3 f5 41. Bd1 Ke6 42. a4 Kd7 43. Ka3 Kc7 44. Kb4 Ra8 45. Rb3 d4 46. Be2 Rd8 47. a5 d3 48. Bd1 Rd4+ 49. Kc3 Rd5 50. Kc4 Rd8 51. a6 Bd5+ 52. Kc3 Bxb3 53. Bxb3 d2 54. Bd1 Kb8 55. Kc2 Ka7 56. Be2 Rd5 57. Kd1 Rd4 58. Bh5 Kxa6 59. Bxf7 Kb5 60. Be6 Kb4 61. Bxf5 Kc3 62. Bg4 Re4 63. Be2 Rxe2 0-1


[Site "https://www.chess.com"]

[Event "Titled Tuesday Blitz May 24 Late 2022"]
[White "Rasulov, Vugar"]
[Black "O`Gorman, Tom"]
[WhiteFideId "13402390"]
[BlackFideId "2508249"]
[WhiteElo "2560"]
[BlackElo "2247"]
[Result "0-1"]
[Round "06"]
[TimeControl "180+1"]
[Date "2022.05.24"]
[WhiteClock "0:00:57"]
[BlackClock "0:00:58"]

1. Nf3 Nf6 2. g3 g6 3. Bg2 Bg7 4. O-O O-O 5. c4 d6 6. Nc3 Nc6 7. d3 e5 8. Rb1 a5 9. a3 Re8 10. Bg5 h6 11. Bxf6 Bxf6 12. b4 axb4 13. axb4 Bg7 14. b5 Ne7 15. Nd2 e4 16. Qb3 e3 17. fxe3 Nf5 18. e4 Ne3 19. Nd5 Bd4 20. Nf3 Nxf1+ 21. Kxf1 Bg7 22. Kg1 Be6 23. Rf1 Bxd5 24. cxd5 Qb8 25. Kh1 Qa7 26. h4 Qa2 27. Qd1 Qb2 28. Qe1 Ra2 29. h5 g5 30. Ng1 Bd4 31. Nf3 Be3 32. Nh2 Rea8 33. Ng4 Ra1 34. Qxa1 Rxa1 35. Nxe3 Rxf1+ 36. Bxf1 Qc1 0-1


[Site "https://www.chess.com"]

[Event "Titled Tuesday Blitz May 24 Late 2022"]
[White "Remolar Gallen, Jose"]
[Black "Lopez Del Alamo, Antonio"]
[WhiteFideId "2215187"]
[BlackFideId "2227339"]
[WhiteElo "2205"]
[BlackElo "2089"]
[Result "0-1"]
[Round "06"]
[TimeControl "180+1"]
[Date "2022.05.25"]
[WhiteClock "0:00:17"]
[BlackClock "0:00:30"]

1. d4 Nf6 2. c4 g6 3. Nc3 Bg7 4. e4 d6 5. Be2 O-O 6. Be3 e5 7. d5 c6 8. h4 cxd5 9. cxd5 h5 10. Nh3 Qa5 11. Ng5 Nbd7 12. a3 Nh7 13. b4 Qd8 14. Nb5 Nxg5 15. hxg5 Nb6 16. Rc1 Bd7 17. Nxd6 Ba4 18. Bxb6 axb6 19. Nxb7 Qb8 20. Qd3 Qxb7 21. g4 Rfc8 22. Rxc8+ Rxc8 23. O-O hxg4 24. Bxg4 Bd7 25. Bd1 b5 26. Kg2 Qc7 27. Bb3 Qc3 28. Qb1 Qh3+ 29. Kg1 Qg4+ 30. Kh1 Qh4+ 31. Kg1 Qxg5+ 32. Kh2 Qf4+ 0-1


[Site "https://www.chess.com"]

[Event "Titled Tuesday Blitz May 24 Late 2022"]
[White "Ribeiro, Matheus Mendes Domingues"]
[Black "Krstulovic, Alex"]
[WhiteFideId "324226923"]
[BlackFideId "760056"]
[WhiteElo "1919"]
[BlackElo "2193"]
[Result "1-0"]
[Round "06"]
[TimeControl "180+1"]
[Date "2022.05.25"]
[WhiteClock "0:00:30"]
[BlackClock "0:00:04"]

1. c4 Nf6 2. Nc3 e6 3. e4 d5 4. e5 d4 5. exf6 dxc3 6. bxc3 Qxf6 7. Nf3 Bd6 8. d4 h6 9. Bd3 c5 10. O-O O-O 11. Qe2 Nc6 12. Qe4 Qf5 13. Ba3 Rd8 14. Rfd1 cxd4 15. Bxd6 Qxe4 16. Bxe4 Rxd6 17. cxd4 Ne7 18. Rab1 Rb8 19. Rb2 Bd7 20. Rxb7 Rxb7 21. Bxb7 Rb6 22. Be4 Rb2 23. Ne5 Be8 24. d5 exd5 25. cxd5 Re2 26. f3 f5 27. Kf1 Rxa2 28. d6 Bb5+ 29. Bd3 Bxd3+ 30. Rxd3 Kf8 31. d7 1-0


[Site "https://www.chess.com"]

[Event "Titled Tuesday Blitz May 24 Late 2022"]
[White "Richter, Nils"]
[Black "Lopez Gracia, Fernando"]
[WhiteFideId "12990809"]
[BlackFideId "2207184"]
[WhiteElo "2243"]
[BlackElo "2422"]
[Result "1-0"]
[Round "06"]
[TimeControl "180+1"]
[Date "2022.05.25"]
[WhiteClock "0:02:02"]
[BlackClock "0:01:19"]

1. Nf3 d5 2. b3 Nf6 3. Bb2 e6 4. e3 Be7 5. c4 O-O 6. Nc3 c5 7. cxd5 Nxd5 8. Qc2 Bf6 9. h4 Nc6 10. a3 g6 11. h5 b6 12. hxg6 hxg6 13. Bc4 Kg7 14. Ne4 Bxb2 15. Qxb2+ f6 16. O-O-O Bb7 17. Nfg5 Qc8 18. Rh7+ Kg8 19. Rdh1 Ne5 20. Rh8+ Kg7 21. R1h7# 1-0


[Site "https://www.chess.com"]

[Event "Titled Tuesday Blitz May 24 Late 2022"]
[White "Roman, Rodrigo"]
[Black "Janaszak, Dawid"]
[WhiteFideId "3701220"]
[BlackFideId "1119206"]
[WhiteElo "2346"]
[BlackElo "2638"]
[Result "0-1"]
[Round "06"]
[TimeControl "180+1"]
[Date "2022.05.25"]
[WhiteClock "0:02:28"]
[BlackClock "0:02:13"]

1. e4 c5 2. Ne2 Nc6 3. d4 cxd4 4. Nxd4 g6 5. b3 Nf6 6. Nc3 Qa5 7. Qd2 Nxe4 8. Nxe4 Qxd2+ 9. Nxd2 Nxd4 10. Bb2 Bg7 11. Bd3 Nxc2+ 12. Bxc2 Bxb2 13. Rb1 Bc3 14. Ke2 d6 15. Ne4 Bg7 16. f4 Bg4+ 17. Kf2 Rc8 18. Bd3 Bf5 19. h3 d5 20. Nc5 Rxc5 0-1


[Site "https://www.chess.com"]